 Dungeon Crawl Stone Soup version 0.20-a0-1078-g4874019 (webtiles) character file.

23956 Monsterracer the Basher (level 13, -3/101 HPs)
             Began as a Gnoll Skald on Apr 30, 2017.
             Was a Priest of Ashenzari.
             Slain by a spiny frog (23 damage)
             ... on level 1 of the Lair of Beasts.
             The game lasted 01:20:27 (20214 turns).

Monsterracer the Basher (Gnoll Skald)              Turns: 20214, Time: 01:20:28

Health: -3/101     AC:  8    Str: 11    XL:     13   Next: 10%
Magic:  26/26      EV: 17    Int: 22    God:    Ashenzari [***...]
Gold:   727        SH:  6    Dex: 13    Spells: 7/30 levels left

rFire    . . .     SeeInvis +   k - +5 hunting sling of Generosity {freeze, Int+4}
rCold    + . .     Gourm    .   g - +1 buckler
rNeg     . . .     Faith    .   F - +0 leather armour (curse)
rPois    .         Spirit   .   n - +0 helmet (curse)
rElec    .         Reflect  .   A - +0 cloak (curse)
rCorr    .         Harm     .   (no gloves)
MR       .....                  (no boots)
Stlth    ++++......             (no amulet)
Regen    0.3/turn               i - +1 ring of protection (curse)
MPRegen  0.2/turn               y - ring of protection from cold (curse)

@: no status effects
A: short attention span, fangs 1, strong nose
a: Curse Item, Scrying, Renounce Religion


You were on level 1 of the Lair of Beasts.
You worshipped Ashenzari.
Ashenzari was most pleased with you.
You were very hungry.

You visited 2 branches of the dungeon, and saw 13 of its levels.

You collected 752 gold pieces.
You spent 25 gold pieces at shops.

Inventory:

Hand Weapons
 k - the +5 hunting sling of Generosity (weapon) {freeze, Int+4}
   (You found it on level 4 of the Dungeon)

   It causes projectiles fired from it to freeze those they strike, causing
   extra injury to most foes and up to half again as much damage against
   particularly susceptible opponents.
   They can also slow down cold-blooded creatures.
   It affects your intelligence (+4).
 z - a +2 whip of electrocution
Missiles
 v - 244 stones (quivered)
 w - 53 sling bullets
Armour
 g - a +1 buckler (worn)
 n - a cursed +0 helmet (worn)
 A - a cursed +0 cloak (worn)
 F - a cursed +0 leather armour (worn)
 M - a +2 robe of cold resistance
Jewellery
 i - a cursed +1 ring of protection (left hand)
 y - a cursed ring of protection from cold (right hand)
Wands
 b - a wand of iceblast (12/15)
 j - a wand of iceblast (6/15)
 u - a wand of paralysis (12/24)
 B - a wand of iceblast (11/15)
 H - a wand of lightning (13/15)
 I - a wand of acid (4/15)
 K - a wand of paralysis (10/24)
Scrolls
 e - 4 scrolls of identify
 f - 6 scrolls of teleportation
 l - 3 scrolls of immolation
 o - a scroll of enchant armour
 t - a scroll of enchant weapon
 D - a scroll of magic mapping
 J - 2 scrolls of fog
Potions
 a - 2 potions of magic
 h - a potion of cancellation
 q - a potion of haste
 r - 3 potions of curing
 E - a potion of agility
 G - a potion of brilliance
Books
 c - a book of Battle

   Spells                             Type                      Level
   a - Infusion                       Charms                       1
   b - Shroud of Golubria             Charms/Translocation         2
   c - Song of Slaying                Charms                       2
   d - Spectral Weapon                Hexes/Charms                 3
   e - Regeneration                   Charms/Necromancy            3
Comestibles
 d - 14 bread rations
 m - 4 royal jellies
 p - a chunk of flesh
 s - 6 meat rations
 x - 17 fruits


   Skills:
 - Level 9.0 Fighting
 * Level 10.4 Maces & Flails
 - Level 9.0 Slings
 - Level 9.0 Armour
 - Level 9.0(10.2) Dodging
 - Level 8.0(9.6) Stealth
 - Level 4.0 Shields
 - Level 9.0 Spellcasting
 - Level 8.0(9.6) Hexes
 - Level 8.0(9.6) Charms
 - Level 3.0(5.9) Translocations
 - Level 8.0(9.6) Evocations


You had 7 spell levels left.
You knew the following spells:

 Your Spells              Type           Power        Failure   Level  Hunger
a - Infusion              Chrm           ####         1%          1    None
b - Song of Slaying       Chrm           ######..     1%          2    None
c - Spectral Weapon       Hex/Chrm       ######..     1%          3    None
d - Shroud of Golubria    Chrm/Tloc      #####.....   1%          2    None
e - Regeneration          Chrm/Necr      ####......   3%          3    None
f - Confuse               Hex            ######..     1%          3    None
g - Gell's Gravitas       Tloc           #####.....   2%          3    None
h - Swiftness             Chrm/Air       ####....     1%          2    None
i - Petrify               Tmut/Erth      ##......     56%         4    ##.....


Dungeon Overview and Level Annotations

Branches:
Dungeon (11/15)            Temple (0/1) D:6            Lair (2/6) D:11
    Orc (0/2) D:11
  Swamp: Lair:2-4    Shoals: Lair:2-4     Snake: Lair:2-4    Spider: Lair:2-4

Altars:
Ashenzari
Hepliaklqana
Nemelex Xobeh
Qazlal
Ru
Vehumet
Wu Jian
The Shining One

Shops:
D:10 *


Innate Abilities, Weirdness & Mutations

You have a short attention span.
You have very sharp teeth.
Your uncanny sense of smell can sniff out nearby items.


Message History

You see here 2 stones.
The spiny frog croaks.
You hear a trumpeting!
You see here a stone.
You block the spiny frog's attack. The spiny frog stings you!
* * * LOW HITPOINT WARNING * * *
The spiny frog closely misses you.
There is a stone staircase leading up, spattered with blood here.
You are feeling very hungry.
The spiny frog misses you.
You climb upwards.
There is a stone staircase leading down here.
Firing (i - inventory. (,) - cycle):
v - 245 stones (quivered)
Press: ? - help, Shift-Dir - straight line, f - spiny frog
Aim: a spiny frog You shoot a stone.
The stone hits the spiny frog.
The spiny frog seems to slow down.
The stone freezes the spiny frog.
The spiny frog is moderately wounded.
The spiny frog stings you!!
You die...

........# #.##[>..#.##......#
........# ##........##.#..###
........####....♣....##.####
.........#....##♣##...###
#.#P..####...## ##....#
####..###...#########...####
##.##....###...##.....#.##
#.'.^...................#
#.#♣.....♣..@..♣.....♣..##
##.÷........F.............#
#.####...###...###....##.##
### #....#.#..###.......#
#....##....#...#....#
######.....####...#....P#
#####.....#....[♣..........##
.....†.######........#......#
######.# ##..>..##......##


You could see a spiny frog.

Vanquished Creatures
  The ghost of Alabastor the Severer, a journeyman HOMo of Qazlal (Lair:2)
  Fannar (Lair:2)
  A hydra (Lair:2)
  3 two-headed ogres
  Nergalle (Lair:1)
  An unseen horror (D:11)
  The ghost of Yermak the Cleaver, a novice TeBe of Trog (D:9)
  Pikel (D:7)
  An ugly thing (D:11)
  A cyclops (D:11)
  A centaur zombie (D:11)
  A centaur skeleton (D:10)
  2 black mambas (Lair:2)
  Maurice (D:9)
  A gargoyle (D:11)
  2 spiny frogs
  3 komodo dragons
  Grinder (D:6)
  Prince Ribbit (D:6)
  A polar bear (Lair:2)
  4 hippogriffs
  A human (D:11)
  A vampire (D:10)
  A wyvern (D:11)
  31 yaks
  Eustachio (D:4)
  A hungry ghost (D:10)
  4 swamp worms (Lair:2)
  A warg (D:10)
  4 water moccasins
  Duvessa (D:6)
  5 porcupines
  4 ice beasts
  4 sky beasts
  6 orc warriors
  6 ogres
  2 necrophages
  A phantom (D:11)
  5 centaurs
  2 big kobolds
  3 crocodiles
  9 bullfrogs
  2 wyvern zombies (D:9)
  Dowan (D:6)
  11 killer bees
  3 crimson imps
  2 bullfrog zombies
  2 quasits
  6 jellies
  9 orc wizards
  A bullfrog skeleton (D:5)
  Crazy Yiuf (D:6)
  9 orc priests
  6 hounds
  2 iguanas
  9 worker ants
  4 hound skeletons
  2 worker ant zombies
  19 adders
  6 shadow imps
  An ooze (D:1)
  3 adder skeletons
  3 dart slugs
  4 leopard geckos
  55 orcs
  7 bats
  4 giant cockroaches
  17 goblins
  14 hobgoblins
  9 jackals
  12 kobolds
  4 quokkas
  A ball python (D:5)
  A ball python skeleton (D:4)
  2 frilled lizards
  A leopard gecko skeleton (D:4)
  2 quokka skeletons
  6 rats
364 creatures vanquished.

Vanquished Creatures (others)
  2 slaves (D:7)
  A centaur (D:7)
  A quokka (D:7)
  7 fungi
  6 plants (Lair:2)
  4 spectral weapons
21 creatures vanquished.

Grand Total: 385 creatures vanquished

Notes
Turn   | Place    | Note
-------+----------+-------------------------------------------
     0 | D:1      | Monsterracer the Gnoll Skald began the quest for the Orb.
     0 | D:1      | Reached XP level 1. HP: 18/18 MP: 4/4
   124 | D:1      | Reached skill level 4 in Maces & Flails
   124 | D:1      | Reached XP level 2. HP: 24/24 MP: 6/6
   275 | D:1      | Learned a level 2 spell: Song of Slaying
   612 | D:1      | Reached XP level 3. HP: 29/29 MP: 7/7
   627 | D:1      | Learned a level 3 spell: Spectral Weapon
   630 | D:1      | Learned a level 2 spell: Shroud of Golubria
   695 | D:1      | Reached skill level 5 in Maces & Flails
   796 | D:1      | Reached skill level 1 in Shields
  1644 | D:2      | Reached XP level 4. HP: 24/35 MP: 4/8
  2409 | D:2      | Reached skill level 6 in Maces & Flails
  3115 | D:2      | Reached XP level 5. HP: 34/41 MP: 3/9
  3308 | D:3      | Found a hazy altar of Hepliaklqana.
  3928 | D:4      | Found a sparkling altar of Nemelex Xobeh.
  3936 | D:4      | Noticed a sky beast
  3969 | D:4      | Killed a sky beast
  3969 | D:4      | Reached skill level 7 in Maces & Flails
  3969 | D:4      | Reached XP level 6. HP: 38/47 MP: 2/10
  3974 | D:4      | Learned a level 3 spell: Regeneration
  4346 | D:4      | Reached skill level 5 in Charms
  4706 | D:4      | Found a shattered altar of Ashenzari.
  4724 | D:5      | Entered Level 5 of the Dungeon
  4922 | D:5      | Reached skill level 8 in Maces & Flails
  4922 | D:5      | Reached XP level 7. HP: 49/55 MP: 11/11
  4925 | D:5      | Found a sacrificial altar of Ru.
  5084 | D:4      | Became a worshipper of Ashenzari the Shackled
  5186 | D:4      | Noticed Eustachio
  5500 | D:4      | Killed Eustachio
  5500 | D:4      | Reached skill level 5 in Fighting
  5781 | D:4      | Got the hunting sling of Generosity {freeze, Int+4}
  5931 | D:5      | Identified the +5 hunting sling of Generosity {freeze, Int+4} (You found it on level 4 of the Dungeon)
  6043 | D:5      | Found an ornate altar of the Wu Jian Council.
  6078 | D:5      | Reached skill level 1 in Slings
  6224 | D:6      | Reached XP level 8. HP: 64/64 MP: 14/14
  6273 | D:6      | Found a staircase to the Ecumenical Temple.
  6383 | D:6      | Noticed Duvessa
  6397 | D:6      | Killed Duvessa
  6397 | D:6      | Reached skill level 1 in Hexes
  6610 | D:6      | Noticed Prince Ribbit
  6620 | D:6      | Killed Prince Ribbit
  6620 | D:6      | Reached skill level 5 in Slings
  6665 | D:6      | Found a runed door.
  6671 | D:6      | Noticed Crazy Yiuf
  6674 | D:6      | Killed Crazy Yiuf
  6767 | D:6      | Noticed Grinder
  6783 | D:6      | Killed Grinder
  6894 | D:6      | Learned a level 3 spell: Confuse
  7016 | D:6      | Reached XP level 9. HP: 71/72 MP: 15/15
  7073 | D:5      | Reached skill level 9 in Maces & Flails
  7394 | D:6      | Found a radiant altar of Vehumet.
  7428 | D:6      | Found a glowing golden altar of the Shining One.
  7441 | D:6      | Noticed Dowan
  7454 | D:6      | Killed Dowan
  7811 | D:6      | Reached skill level 5 in Armour
  7888 | D:7      | Found a stormy altar of Qazlal.
  7908 | D:7      | Noticed Pikel
  8115 | D:7      | Killed Pikel
  8115 | D:7      | Reached skill level 5 in Dodging
  8920 | D:7      | Reached * piety under Ashenzari
  8958 | D:7      | Reached XP level 10. HP: 80/80 MP: 16/16
  8963 | D:7      | Learned a level 3 spell: Gell's Gravitas
  9514 | D:8      | Noticed a two-headed ogre
  9569 | D:8      | Killed a two-headed ogre
  9569 | D:8      | Reached skill level 5 in Spellcasting
 10125 | D:8      | Reached skill level 1 in Evocations
 11133 | D:9      | Noticed Maurice
 11362 | D:9      | Found a stormy altar of Qazlal.
 12054 | D:9      | Noticed Yermak's ghost (novice TeBe)
 12067 | D:9      | Killed Yermak's ghost
 12077 | D:9      | Reached XP level 11. HP: 86/86 MP: 10/21
 12354 | D:9      | Killed Maurice
 12611 | D:10     | Entered Level 10 of the Dungeon
 12700 | D:10     | Reached ** piety under Ashenzari
 12735 | D:10     | Found Malleac's Assorted Antiques.
 12743 | D:10     | Bought a scroll labeled SACHAG NEISMUY for 25 gold pieces
 13103 | D:10     | Reached skill level 10 in Maces & Flails
 13430 | D:10     | Learned a level 2 spell: Swiftness
 13435 | D:10     | Learned a level 4 spell: Petrify
 13791 | D:10     | Noticed a two-headed ogre
 13801 | D:10     | Killed a two-headed ogre
 14083 | D:11     | Noticed a two-headed ogre
 14086 | D:11     | Noticed a cyclops
 14105 | D:11     | Killed a cyclops
 14105 | D:11     | Reached skill level 1 in Stealth
 14118 | D:11     | Killed a two-headed ogre
 14139 | D:10     | Reached skill level 5 in Hexes
 14424 | D:11     | Reached *** piety under Ashenzari
 14767 | D:11     | Found a staircase to the Orcish Mines.
 14976 | D:11     | Noticed a cyan ugly thing
 14994 | D:11     | Killed a cyan ugly thing
 15174 | D:11     | Reached skill level 5 in Stealth
 15174 | D:11     | Reached skill level 5 in Evocations
 15174 | D:11     | Reached XP level 12. HP: 49/95 MP: 24/24
 16453 | D:11     | Found a staircase to the Lair.
 16473 | Lair:1   | Entered Level 1 of the Lair of Beasts
 16604 | Lair:1   | Noticed Nergalle
 16626 | Lair:1   | Killed Nergalle
 17529 | Lair:1   | Reached **** piety under Ashenzari
 17725 | Lair:2   | Noticed Alabastor's ghost (journeyman HOMo)
 18104 | Lair:2   | Killed Alabastor's ghost
 18507 | Lair:2   | Noticed Fannar
 18563 | Lair:2   | Killed Fannar
 19657 | Lair:2   | Reached XP level 13. HP: 96/101 MP: 26/26
 20214 | Lair:1   | Slain by a spiny frog

Vault maps used:
D:1:      lemuel_arrival_broad_hall
D:2:      cheibrodos_greedy_goblins
D:3:      old_standard_altar, first_bread
D:4:      nicolae_overflow_hidden_temple, nicolae_overflow_crystal_walls,
          uniq_eustachio
D:5:      kennysheep_little_box, hangedman_abyss_or_decor_slice,
          nicolae_ru_awakened_eye
D:6:      lemuel_crystal_altar, minmay_temple_entry_hall, tso_altar,
          uniq_crazy_yiuf_cottage, uniq_grinder, uniq_prince_ribbit1,
          uniq_duvessa
D:7:      nicolae_qazlal_general_emergency, uniq_pikel
D:8:      grunt_ogre_cave
D:9:      lemuel_tele_altar, uniq_maurice
D:10:     serial_shops, shop
D:11:     lair_entry_dummy, erik_orc_4, minmay_checkerbox, uniq_gastronok
Lair:1:   lemuel_fruit_fields, grunt_megastairs_5, uniq_nergalle
Lair:2:   nicolae_swamp_entry_splash_gauntlet, basic_altar,
          infiniplex_staircase_pool, grunt_megastairs_1, uniq_fannar

Skill      XL: |  1  2  3  4  5  6  7  8  9 10 11 12 |
---------------+-------------------------------------+-----
Maces & Flails | 4 5 6 7 8 9 10 | 10.4
Shields        | 2 3 4 |  4.0
Charms         | 5 6 8 |  8.0
Fighting       | 4 5 7 8 9 |  9.0
Armour         | 3 6 7 8 9 |  9.0
Spellcasting   | 4 7 8 9 |  9.0
Slings         | 2 6 8 9 |  9.0
Hexes          | 2 3 4 7 8 |  8.0
Dodging        | 6 7 8 9 |  9.0
Translocations | 3 |  3.0
Evocations     | 2 5 8 |  8.0
Stealth        | 5 8 |  8.0

Action                   |  1- 3 |  4- 6 |  7- 9 | 10-12 | 13-15 || total
-------------------------+-------+-------+-------+-------+-------++-------
Melee: Mace              |   124 |   186 |       |       |       ||   310
       Bite              |    11 |    16 |    18 |    86 |     6 ||   137
       Flail             |       |    87 |   197 |       |       ||   284
       Whip              |       |       |    54 |   744 |    31 ||   829
 Fire: Hunting sling     |       |       |   125 |   415 |    32 ||   572
Throw: Stone             |       |       |       |     5 |       ||     5
 Cast: Shroud of Golubri |     2 |     3 |     2 |    11 |     4 ||    22
       Song of Slaying   |     1 |     4 |     2 |    17 |     1 ||    25
       Infusion          |       |     9 |    11 |    23 |     2 ||    45
       Confuse           |       |       |       |     4 |       ||     4
       Spectral Weapon   |       |       |       |     6 |       ||     6
       Regeneration      |       |       |       |     2 |     2 ||     4
Invok: Curse Item        |       |       |     2 |     2 |       ||     4
Evoke: Wand              |       |       |     1 |     3 |       ||     4
  Use: Potion            |     2 |     4 |     4 |     5 |     1 ||    16
       Scroll            |     5 |     6 |     2 |    13 |     1 ||    27
 Stab: Sleeping          |     2 |       |       |     1 |       ||     3
       Paralysed         |       |       |    10 |       |       ||    10
       Distracted        |       |       |       |     2 |       ||     2
  Eat: Chunk             |     2 |    12 |    13 |    32 |       ||    59
       Fruit             |       |       |       |     3 |     1 ||     4
Armor: Leather armour    |    41 |    52 |    87 |   104 |    13 ||   297
Dodge: Dodged            |    74 |   134 |   163 |   413 |    27 ||   811
Block: Buckler           |    13 |    91 |    72 |   165 |    14 ||   355
